Cogmind - Beta 15 @@@ ROGUE MODE // 2025.05.08 @ 00:31:44 Player: AnotherZach Result: Destroyed by RU-6MW(R) with Subdweller Laser Performance ------------- Evolutions (0) 0 Regions Visited (2) 400 Robots Destroyed (8) 40 Value Destroyed (126) 126 Prototype IDs (0) 0 Alien Tech Used (0) 0 Bonus (0) 0 TOTAL SCORE: 566 Bonus ------- None Cogmind --------- Core Integrity 0/250 Matter 300/300 Energy 82/100 System Corruption 0% Temperature Cool (6) Movement Core (150) Ox2 Location -10/Subcaves Parts ------- > --- POWER (1) -------- (None) > --- PROPULSION (2) --- (None) > --- UTILITY (2) ------ Targeting Computer Makeshift Kinetic Plating > --- WEAPON (2) ------- EM Pulse Gun > --- INVENTORY (5) ---- Aluminum Leg Small Storage Unit Assault Rifle Peak State ------------ > --- POWER ------------ Light Ion Engine > --- PROPULSION ------- Light Treads > --- UTILITY ---------- Targeting Computer Makeshift Kinetic Plating > --- WEAPON ----------- Assault Rifle Battle Rifle > --- INVENTORY -------- Aluminum Leg Small Storage Unit EM Pulse Gun Assault Rifle [Rating: 10] Favorites ----------- Power Light Ion Engine Engine Light Ion Engine Propulsion Light Treads Treads Light Treads Utility Targeting Computer Device Seismic Detector Processor Targeting Computer Protection Makeshift Kinetic Plating Weapon Assault Rifle Energy Gun EM Pulse Gun Ballistic Gun Assault Rifle Build | -11 -10 -10 ------- Run | Yrd Mat Sub Slots Evolved . | . . . Power . | . . . Propulsion . | . . . Utility . | . . . Weapon . | . . . Parts Attached 11 | 5 1 5 Power 1 | . . 1 Engine 1 | . . 1 Core . | . . . Reactor . | . . . Propulsion 2 | 2 . . Treads 2 | 2 . . Leg . | . . . Wheel . | . . . Hover . | . . . Flight . | . . . Utility 4 | 2 1 1 Device 2 | 2 . . Storage . | . . . Processor 1 | . 1 . Hackware . | . . . Protection 1 | . . 1 Artifact . | . . . Weapon 4 | 1 . 3 Energy Gun 1 | . . 1 Energy Cannon . | . . . Ballistic Gun 3 | 1 . 2 Ballistic Cannon . | . . . Launcher . | . . . Special Weapon . | . . . Impact Weapon . | . . . Slashing Weapon . | . . . Piercing Weapon . | . . . Special Melee Weapon . | . . . Unidentified Prototypes . | . . . Parts Lost 6 | . . 6 Power 1 | . . 1 Propulsion 2 | . . 2 Utility 1 | . . 1 Weapon 2 | . . 2 Highest Loss Streak 5 | . . 5 To Critical Strikes . | . . . Average Backups 4 | 3 5 4 Power . | . 1 . Propulsion . | . 1 1 Utility . | . 1 1 Weapon 1 | 1 2 1 Tool/Special . | . . . Unused Backups 2 | . . 2 Power . | . . . Propulsion 1 | . . 1 Utility 1 | . . 1 Weapon . | . . . Tool/Special . | . . . Average Slot Usage (%) 68 | . 64 73 Engine 1 | . . 3 Treads 26 | . 28 24 Device 10 | . 14 7 Processor 10 | . 7 14 Protection 1 | . . 2 Ballistic Gun 16 | . 14 19 Peak Build Rating 10 | 5 5 10 Average Rating 5 | 3 4 6 On Entrance 3 | . 4 5 Naked Turns . | . . . Heaviest Build 14 | 3 3 14 Greatest Support 3 | 3 3 3 Greatest Overweight (x) 4 | . . 4 Average Overweight (x) . | . . . Largest Inventory Capacity 5 | 5 5 5 Average Capacity 5 | 5 5 5 Most Carried 5 | 5 5 5 Average Carried 4 | 3 5 4 Final Capacity 5 | 5 5 5 Final Carried 5 | 5 5 3 Class Distribution -------------------- 100% | Mutant Dominant Class ---------------- Mutant | -10/Materials Mutant | -10/Subcaves Resources | -11 -10 -10 ----------- Run | Yrd Mat Sub Matter Collected 426 | 271 25 130 Remotely 106 | 106 . . Salvage Created 253 | 99 51 103 Parts 23 | 10 9 4 Haulers Intercepted . | . . . Recyclers Shooed . | . . . Parts Field Recycled . | . . . Retrieved Matter . | . . . Parts Self-Destructed 3 | . . 3 Prevented . | . . . Kills | -11 -10 -10 ------- Run | Yrd Mat Sub Combat Hostiles Destroyed 2 | . . 2 Guns 2 | . . 2 Classes Destroyed 5 | 2 2 1 Builder 2 | . 2 . Tunneler 2 | 2 . . Recycler 1 | 1 . . Watcher 1 | . 1 . Subdweller 2 | . . 2 Best Kill Streak 2 | 2 2 1 Combat Bots Only 1 | . . 1 Max Kills in Single Turn 1 | 1 1 1 Gunslinging . | . . . Exploded . | . . . Melee . | . . . Uniques/NPCs Destroyed . | . . . Combat | -11 -10 -10 -------- Run | Yrd Mat Sub Hostile Shots Fired 76 | . 10 66 Missed 22 | . 3 19 Hits 54 | . 7 47 Projectile 54 | . 7 47 Damage Taken 1061 | . 98 963 Core 262 | . 54 208 Absorbed by Shields . | . . . Ignored by Resistances 26 | . . 26 Core Remaining (%) 100 | 100 . . Volleys Fired 30 | 7 5 18 Largest 2 | 1 1 2 Hottest 65 | 20 20 65 Shots Fired 47 | 7 5 35 Gun 47 | 7 5 35 Cannon . | . . . Launcher . | . . . Special . | . . . Kinetic 41 | 7 5 29 Thermal . | . . . Explosive . | . . . Electromagnetic 6 | . . 6 Robot Hit Streak 14 | 5 6 14 Robot Miss Streak 2 | 2 1 2 Penetration Max . | . . . Secondary Targets . | . . . Shots Hit Robots 41 | 5 4 32 Core Hits 14 | 4 3 7 Critical Kills . | . . . Critical Parts Destroyed . | . . . Critical Strikes . | . . . Melee Attacks . | . . . Impact . | . . . Slashing . | . . . Piercing . | . . . Sneak Attacks . | . . . Combat Hostiles . | . . . Follow-up Attacks . | . . . Damage Inflicted 553 | 61 55 437 Guns 548 | 61 50 437 Cannons . | . . . Explosions . | . . . Melee . | . . . Ramming 5 | . 5 . Kinetic 479 | 61 50 368 Thermal . | . . . Explosive . | . . . Electromagnetic 69 | . . 69 Impact . | . . . Slashing . | . . . Piercing . | . . . Highest Corruption . | . . . Average Corruption . | . . . Corruption Purged . | . . . Corruption Blocked . | . . . Overload Shots . | . . . Overflow Damage . | . . . Projectiles . | . . . Explosions . | . . . Melee . | . . . Knockbacks . | . . . Impact . | . . . Kinetic . | . . . Secondary . | . . . Self-Inflicted Damage . | . . . Shots . | . . . Rammed 1 | . 1 . Targets Rammed 1 | . 1 . Kicked . | . . . Crushed . | . . . Highest Temperature 1 | . . 1 Average Temperature 1 | . . 1 Received Heat Transfer 234 | . 54 180 Siege Activations . | . . . Martial Activations . | . . . Shielding Activations . | . . . Robots Disrupted . | . . . Combat Hostiles . | . . . Robots Corrupted . | . . . Combat Hostiles . | . . . Parts Fried . | . . . Impact Corruptions . | . . . Robots Melted . | . . . Combat Hostiles . | . . . Parts Melted . | . . . Heat Transferred . | . . . Parts Sabotaged . | . . . Parts Stolen . | . . . Parts Stripped . | . . . Power Chain Reactions . | . . . Alert | -11 -10 -10 ------- Run | Yrd Mat Sub Maximum Alert Level . | . . . Low Security (%) 100 | 100 100 . Level 1 . | . . . Level 2 . | . . . Level 3 . | . . . Level 4 . | . . . Level 5 . | . . . High Security . | . . . Max Security . | . . . Peak Influence 82 | 10 82 . Initial 3 | . 3 . Average 31 | 2 39 . Influence Increases 171 | 15 156 . Destroy 0b10 Robot/NC 30 | 15 15 . Destroy Leader 2 | . 2 . Successful Hack 19 | . 19 . Select Force Hacks 60 | . 60 . Lose Combat Pursuer 60 | . 60 . Influence Decreases 171 | 10 84 77 Entered New Map 39 | . 2 37 Time Decay 132 | 10 82 40 Squads Dispatched 2 | . 2 . Investigation 2 | . 2 . Extermination . | . . . Reinforcement . | . . . Assault . | . . . Garrison . | . . . Intercept . | . . . Searches Triggered . | . . . Construction Impeded . | . . . Haulers Reinforced . | . . . Active Scanning Responses . | . . . Cargo Convoy Interrupts . | . . . Stealth | -11 -10 -10 --------- Run | Yrd Mat Sub Distress Signals . | . . . Communications Jammed . | . . . Distress Signals . | . . . Times Spotted 23 | . 12 11 Peak Tracking Total 5 | . 4 5 Tactical Retreats 5 | . 2 3 Traps | -11 -10 -10 ------- Run | Yrd Mat Sub Traps Triggered . | . . . Indirectly . | . . . Trap Hack Attempts . | . . . Triggered . | . . . Disarmed . | . . . Reprogrammed . | . . . Reused . | . . . Traps Extracted . | . . . Installed . | . . . Triggered . | . . . Machines | -11 -10 -10 ---------- Run | Yrd Mat Sub Machines Disabled . | . . . Max in Single Turn . | . . . Machines Repaired . | . . . Machines Dismantled . | . . . Machines Sabotaged . | . . . Overloaded Fab Kills . | . . . Hacking | -11 -10 -10 --------- Run | Yrd Mat Sub Machines Accessed 4 | . 4 . Terminals 2 | . 2 . Fabricators . | . . . Repair Stations . | . . . Recycling Units 2 | . 2 . Scanalyzers . | . . . Garrison Access . | . . . Total Hacks 11 | . 11 . Successful 4 | . 4 . Failed 7 | . 7 . Catastrophic . | . . . Database Lockouts . | . . . Manual 10 | . 10 . Terminals 7 | . 7 . Fabricators . | . . . Repair Stations . | . . . Recycling Units 4 | . 4 . Scanalyzers . | . . . Garrison Access . | . . . Terminal Hacks . | . . . Fabricator Hacks . | . . . Repair Station Hacks . | . . . Recycling Unit Hacks . | . . . Scanalyzer . | . . . Garrison Access Hacks . | . . . Unauthorized Hacks 4 | . 4 . Terminals 2 | . 2 . Botnet 1 | . 1 . Operators 1 | . 1 . Fabricators . | . . . Repair Stations . | . . . Recycling Units 2 | . 2 . Tunnel 2 | . 2 . Scanalyzers . | . . . Garrison Access . | . . . Data Cores Recovered . | . . . Used . | . . . Hacking Detections 3 | . 3 . Full Trace Events . | . . . Feedback Events . | . . . Feedback Blocked . | . . . Robot Schematics Acquired . | . . . Robots Built . | . . . Authchips . | . . . Time . | . . . Total Robot Build Rating . | . . . Part Schematics Acquired . | . . . Parts Built . | . . . Authchips . | . . . Time . | . . . Total Part Build Rating . | . . . Parts Repaired . | . . . Time . | . . . Parts Recycled . | . . . Recycled Matter . | . . . Retrieved Matter . | . . . Retrieved Components . | . . . Parts Scanalyzed . | . . . Part Schematics Acquired . | . . . Parts Damaged . | . . . Bothacking | -11 -10 -10 ------------ Run | Yrd Mat Sub Used RIF Installer . | . . . Robots Hacked . | . . . Non-combat . | . . . Combat . | . . . Robot Hacks Applied . | . . . Relay Couplers Released . | . . . Fabnet Peak Effective % . | . . . Robots Rewired . | . . . Allies Hacked . | . . . Hacks Repelled . | . . . Allies | -11 -10 -10 -------- Run | Yrd Mat Sub Total Allies . | . . . Largest Group . | . . . Highest-Rated Group . | . . . Highest-Rated Ally . | . . . Total Orders . | . . . Ally Attacks . | . . . Total Damage . | . . . Kills . | . . . Allies Corrupted . | . . . Allies Melted . | . . . Intel | -11 -10 -10 ------- Run | Yrd Mat Sub Active Infowar (turns) 298 | 3 196 99 Seismic 298 | 3 196 99 Robot Analysis Total . | . . . Derelict Logs Recovered 1 | . . 1 Drone Launches . | . . . Drone Recoveries . | . . . Exploration | -11 -10 -10 ------------- Run | Yrd Mat Sub Turns Passed 448 | 58 196 194 Spaces Moved 618 | 35 360 223 Core 618 | 35 360 223 Treads . | . . . Legs . | . . . Wheels . | . . . Hover . | . . . Flight . | . . . Fastest Speed 50 | 50 50 50 Average Speed 53 | 50 50 58 Slowest Speed 250 | 50 50 250 Overloaded Moves . | . . . Propulsion Burnouts . | . . . Robots Hopped . | . . . Potential Cave-ins . | . . . Cave-ins Triggered . | . . . Exploration Rate (%) 32 | 3 73 21 Regions Visited 2 Branch Regions 1 Pre-discovered Areas 2 | . 2 . Known Exits Taken . | . . . Unknown Exits Taken 2 | 1 1 . Scrap Searched 3 | . . 3 Spaces Dug . | . . . Terrain Destroyed . | . . . Melee . | . . . Projectile . | . . . AOE . | . . . Terrain Rammed . | . . . Walls Destroyed . | . . . Machines Disabled . | . . . Actions | -11 -10 -10 --------- Run | Yrd Mat Sub Total 686 | 65 369 252 Wait 21 | 13 3 5 Move 616 | 34 359 223 Hop . | . . . Pick Up 6 | 5 . 1 Fast Attach 7 | 5 1 1 Attach 3 | . . 3 Detach . | . . . Swap 1 | . . 1 Drop 1 | 1 . . Fire 30 | 7 5 18 Melee . | . . . Ram . | . . . Kick . | . . . Crush 1 | . 1 . Escape Stasis . | . . . Rewire . | . . . Trap . | . . . Miscellaneous . | . . . Route ------- -11/Scrapyard -10/Materials (discovered 3 exits: [*Mat] / [*Min] / [*Sub]) -10/Subcaves History --------- Turn | Location | Event 5 | -11/Scrapyard | Discovered new exit (range 15) 59 | -11/Scrapyard | Entered Materials 100 | -10/Materials | Discovered new exit (range 15) 151 | -10/Materials | Discovered new exit (range 5) 238 | -10/Materials | Discovered new exit (range 7) 255 | -10/Materials | Entered Subcaves 314 | -10/Subcaves | Build established: Mutant 336 | -10/Subcaves | Learned Materials stockpile data 398 | -10/Subcaves | Core integrity fell below 50% 436 | -10/Subcaves | Core integrity fell below 20% 449 | -10/Subcaves | Destroyed by RU-6MW(R) with Subdweller Laser Last Messages --------------- 00421_ TH-XDM(R) affixes Scrap Shield Fragment to Scrap Shield. 00422_ RU-6MW(R) affixes Scrap Shield Fragment to Scrap Shield. 00423_ Acquired 6 matter. 00430_ Subatomizers dissect the Sub. Power Source. 00431_ Acquired 6 matter. 00433_ Assault Rifle destroyed. 00434_ Acquired 10 matter. 00435_ Acquired 3 matter. 00439_ Lgt. Treads destroyed. 00441_ Acquired 3 matter. 00441_ Subatomizers dissect the Sub. Power Source. 00444_ Acquired 3 matter. 00445_ Lgt. Ion Engine destroyed. 00447_ Acquired 3 matter. 00447_ Battle Rifle destroyed. 00449_ Destroyed Scrap Shield. Map ----- +----------------------------------------------------+ | | | | | | | | | | | | | | | | | | | | | ??????????????????????????????????????????????? | | ??????????????????????????????????????????????? | | ??????????????????????????????????????????????? | | ??????????????????????????????????????????????? | | ??????????????????????????????????????????????? | | ??????????????????????????????????????????????? | | ??????????????????????????????????????????????? | | ??????????????????????????????????????????????? | | ??????????????????????????????????????????????? | | ??????????????????????????????????????????????? | | ??????????????????????????????????????????????? | | ??????????????????????????????????????????????? | | ??????????????????????????????????????????????? | | ?????????????????????#######??????????????????? | | ?????????????????????# %# #??????????????????? | | ?????????????????????#@|=* #??????????????????? | | ?????????????????????## R###??????????????????? | | ?????????????????????###R #??#####????????????? | | ?????????????????????# #R;#### ##???????????? | | ?????????????????????# = #???????????? | | ????????????????????## ## #???????????? | | ???????????????????## #####???????????? | | ??????????????????## #??????????????? | | ??????????????????# #??????????????? | | ??????????????????## ##??????????????? | | ???????????????????# ######???????????? | | ???????????????????# [ ### ##??????????? | | ???????????????????### *% ## #??????????? | | ?????????????????????#### ## #??????????? | | ??????????????????##### # ## #?#???? ?? | | ??????????????????# # # #???? | | ???????????????????# #????? | | ???????????????????# #### ##????? | | ???????????????????# #???# ## # # ###?????? | | ???????????????????# ????# #?####?#???????? | | ??????????????????## ?????# ##??????????????? | | ??????????????????# ?????# #???????????????? | | ?????????????????? ????# #???????????????? | | ????????????????? ?# ???# #???????????????? | | ????????????????? ?## #### #???????????????? | +----------------------------------------------------+ Best States ------------- Heat Dissipation 25 Energy Generation 10 Energy Capacity 125 Matter Stores 300 Matter Capacity 300 Sight Range 16 Terrain Scan Density 10 Armor Coverage 100 Resistance: KI 10 Evasion (%) 50 Targeting Accuracy 5 Item Schematics ----------------- None Robot Schematics ------------------ None Fabricated ------------ Nothing Repaired ---------- Nothing Alien Tech Used ----------------- None Achievements -------------- None Challenges ------------ None Game ------ Seed AblativeGunTelecube Manual? 0 Play Time 00:08:13 Cumulative 730.5 hours Start 2025.05.08 @ 00:25:21 End 2025.05.08 @ 00:31:44 Sessions 1 Manual Loads 0 Difficulty Rogue Special Mode None Game No. 165 Rogue 27 Adventurer 138 Explorer 0 Win Type - Total 11 Types 7/0/1/2/0/0/0/0/1/0 Lore% 77 Gallery% 77 Achievement% 76 Wizard Run 0 Options --------- Layout 2 ASCII 0 Keyboard 0 Movement Mouse Keybinds 0 Fullscreen 1 Font 24/Smallcaps Map View 50x49 Zoom Use 0% Tactical HUD 1 Map Filters NONE Filters NONE Steam 1 RUN: c1fc0b20-c918-47de-b654-394d47bc9cae